 Dungeon Crawl Stone Soup version 0.23-a0-550-g7de1f8e (webtiles) character file.

455 Lavandula the Slicer (level 7, -4/41 HPs)
             Began as a Halfling Enchanter on Dec 9, 2018.
             Slain by Crazy Yiuf
             ... wielding a +2 quarterstaff of chaos
              (5 damage)
             ... on level 4 of the Dungeon.
             The game lasted 00:11:33 (2365 turns).

Lavandula the Slicer (Halfling Enchanter)           Turns: 2365, Time: 00:11:34

Health: -4/41      AC:  3    Str:  9    XL:     7   Next: 26%
Magic:  9/9        EV: 15    Int: 15    God:
Gold:   139        SH:  0    Dex: 15    Spells: 3/9 levels left

rFire    . . .     SeeInvis .   j - +0 dagger (elec)
rCold    . . .     Gourm    .   (shield restricted)
rNeg     . . .     Faith    .   b - +0 robe
rPois    .         Spirit   .   (no helmet)
rElec    .         Reflect  .   (no cloak)
rCorr    .         Harm     .   (no gloves)
MR       .....     Rnd*Tele +   s - +0 pair of boots
Stlth    ++........             (no amulet)
HPRegen  0.13/turn              l - ring of teleportation (curse)
MPRegen  0.11/turn              (no ring)

@: no status effects
A: small, mutation resistance 1
a: no special abilities


You were on level 4 of the Dungeon.
You were not hungry.

You visited 1 branch of the dungeon, and saw 4 of its levels.

You collected 139 gold pieces.

Inventory:

Hand Weapons
 a - a +1 dagger
 j - a +0 dagger of electrocution (weapon)
 q - a +0 blowgun
Missiles
 n - 26 sling bullets
Armour
 b - a +0 robe (worn)
 s - a +0 pair of boots (worn)
Jewellery
 l - a cursed ring of teleportation (left hand)
Wands
 r - a wand of polymorph (11)
Scrolls
 c - a scroll of teleportation
 f - 3 scrolls of amnesia {unknown}
 g - 2 scrolls of magic mapping {unknown}
 h - a scroll of enchant armour {unknown}
 i - a scroll of remove curse {unknown}
 k - 5 scrolls of identify {unknown}
 o - a scroll of enchant weapon {unknown}
Potions
 e - a potion of lignification {unknown}
 m - 5 potions of flight {unknown}
 p - a potion of might {unknown}
Comestibles
 d - 7 rations


   Skills:
 + Level 8.6 Short Blades
 - Level 2.1 Dodging
 - Level 3.2 Stealth
 - Level 1.5 Spellcasting
 - Level 2.4 Hexes


You had 3 spell levels left.
You knew the following spells:

 Your Spells              Type           Power        Failure   Level  Hunger
a - Corona                Hex            #......      9%          1    ##.....
b - Ensorcelled Hibernat  Hex/Ice        #.....       22%         2    ###....
c - Confuse               Hex            #.......     26%         3    ####...

Your spell library contained the following spells:

 Spells                   Type           Power        Failure   Level  Hunger
 Tukima's Dance           Hex            #.......     26%         3    ####...
 Dazzling Spray           Conj/Hex       #.....       38%         3    ####...


Dungeon Overview and Level Annotations

Branches:
Dungeon (4/15)
 Temple: D:4-7

Altars:
Ru
Sif Muna
The Shining One

Annotations:
D:2 2 exclusions
D:3 Ijyb
D:4 Crazy Yiuf


Innate Abilities, Weirdness & Mutations

You are small and have problems with some larger weapons.
You are somewhat resistant to further mutation.


Message History

Crazy Yiuf hits you with a +2 quarterstaff of chaos!
You are electrocuted!
* * * LOW HITPOINT WARNING * * *
There is an open door here.
You see here a mace.
You see here a mace.
You see here a mace.
Crazy Yiuf says, "Castle stair action!"
Crazy Yiuf laughs, "Whiteboard head turtle!"
The bat hits the fungus.
Crazy Yiuf grits, "Gum arga arm!"
The bat hits the fungus but does no damage.
You see here 10 stones.
Crazy Yiuf grits, "Cards!"
There is a stone staircase leading down here.
You see here a tomahawk.
Crazy Yiuf hits you with a +2 quarterstaff of chaos!
* * * LOW HITPOINT WARNING * * *
Crazy Yiuf burns you.
You die...

..###.# #...>.....# #....#
.....)########..##....##
♣....♣
...###..........####...#
♣...♣♣ ........######.##
##..# ♣♣)♣♣
.............#(### ##.#
♣.♣♣ .......##........# .#
♣♣)♣ .....(....#.)..### .#
♣)♣♣ ..#####)...)#..g.#
♣♣.♣ ...####....#####@#
##'## ...##..........#.####
#...# ##.............#....#
#).)# ..#......).....####.#
#..)# .....####.......# #.#
##### .....####.......###.#
####.#b≈#..........<## ###
# #.####............####.##
##.####...............#.)##


You could see Crazy Yiuf.

Vanquished Creatures
  Sigmund (D:2)
  Edmund (D:4)
  2 worker ants
  6 adders
  2 dart slugs
  2 leopard geckos
  6 orcs
  A ball python (D:3)
  A giant cockroach (D:2)
  10 goblins
  8 hobgoblins
  A quokka (D:3)
  5 bats
  5 frilled lizards
  7 kobolds
  7 rats
65 creatures vanquished.

Notes
Turn   | Place    | Note
-------+----------+-------------------------------------------
     0 | D:1      | Lavandula the Halfling Enchanter began the quest for the
                  | Orb.
     0 | D:1      | Reached XP level 1. HP: 11/11 MP: 3/3
     2 | D:1      | Noticed a tengu
     2 | D:1      | Noticed an ogre
     4 | D:1      | Noticed a merfolk
     4 | D:1      | Noticed a gargoyle
     6 | D:1      | Noticed a felid
     8 | D:1      | Noticed a draconian
     8 | D:1      | Noticed an octopode
    10 | D:1      | Noticed a spriggan
    10 | D:1      | Noticed a minotaur
    12 | D:1      | Noticed a formicid
    14 | D:1      | Noticed a troll
    14 | D:1      | Noticed a dwarf
    16 | D:1      | Noticed a naga
    16 | D:1      | Noticed a demonspawn
    18 | D:1      | Noticed a ghoul
    21 | D:1      | Noticed a centaur
    21 | D:1      | Noticed a vine stalker
    23 | D:1      | Noticed an elf
    23 | D:1      | Noticed a halfling
    25 | D:1      | Noticed a human
    27 | D:1      | Noticed a vampire
    27 | D:1      | Noticed a demigod
   184 | D:1      | Found a glowing golden altar of the Shining One.
   194 | D:1      | Reached skill level 2 in Short Blades
   237 | D:1      | Reached XP level 2. HP: 17/17 MP: 4/4
   280 | D:1      | Learned a level 2 spell: Ensorcelled Hibernation
   290 | D:1      | You fall through a shaft!
   297 | D:2      | Reached skill level 3 in Short Blades
   327 | D:2      | Noticed Sigmund
   439 | D:1      | Reached XP level 3. HP: 19/21 MP: 5/5
   682 | D:2      | Killed Sigmund
   682 | D:2      | Reached skill level 6 in Short Blades
   682 | D:2      | Reached XP level 4. HP: 25/27 MP: 1/6
   682 | D:2      | Reached XP level 5. HP: 28/31 MP: 1/7
   682 | D:2      | Reached XP level 6. HP: 33/36 MP: 1/8
   850 | D:1      | Found a deep blue altar of Sif Muna.
  1052 | D:1      | HP: 1/36 [goblin/+0 dagger of electrocution (20)]
  1468 | D:3      | Reached skill level 7 in Short Blades
  1482 | D:3      | Found a sacrificial altar of Ru.
  1662 | D:3      | Noticed Ijyb
  1668 | D:3      | Learned a level 3 spell: Confuse
  1706 | D:4      | Noticed Edmund
  1748 | D:4      | Killed Edmund
  1748 | D:4      | Reached skill level 8 in Short Blades
  1748 | D:4      | Reached XP level 7. HP: 22/41 MP: 0/9
  2037 | D:4      | Noticed a steam dragon
  2326 | D:4      | Found a runed door.
  2330 | D:4      | Noticed Crazy Yiuf
  2365 | D:4      | HP: 1/41 [Crazy Yiuf/+2 quarterstaff of chaos (12)]
  2365 | D:4      | Slain by Crazy Yiuf

Vault maps used:
D:1:      kb_arrival_jail, minmay_crystal_water, kennysheep_flooded_box,
          tso_altar
D:2:      kennysheep_ying_yang, uniq_sigmund
D:3:      overflow_temple_1_default, first_ration, uniq_terence, uniq_ijyb
D:4:      fedhas_altar_2, serial_aquarium, aquarium_bridge_square,
          aquarium_bridge_straight, aquarium_window_fake, aquarium_window_fake,
          aquarium_window_fake, aquarium_view_2a, aquarium_view_2b,
          aquarium_balcony_3a, aquarium_pool_2, uniq_edmund,
          uniq_crazy_yiuf_cottage

Skill      XL: |  1  2  3  4  5  6 |
---------------+-------------------+-----
Short Blades   | 2 3 6 8 |  8.6
Dodging        | |  2.1
Stealth        | |  3.2
Spellcasting   | |  1.5
Hexes          | |  2.4

Action                   |  1- 3 |  4- 6 |  7- 9 || total
-------------------------+-------+-------+-------++-------
Melee: Dagger            |    69 |    95 |    34 ||   198
 Cast: Corona            |     3 |     5 |       ||     8
       Ensorcelled Hiber |     4 |    12 |     3 ||    19
       Confuse           |       |     1 |       ||     1
  Use: Scroll            |       |     1 |     1 ||     2
 Stab: Sleeping          |     7 |    10 |     1 ||    18
       Distracted        |     1 |     1 |       ||     2
  Eat: Chunk             |       |     4 |     3 ||     7
Armor: Robe              |     6 |     5 |     2 ||    13
Dodge: Dodged            |    50 |    58 |    16 ||   124

Table legend:
 A = Non-vault XP
 B = Vault XP
 C = Vault XP percentage of total XP
 D = Non-vault monster count
 E = Vault monster count
 F = Vault count percentage of total count
                 A         B        C        D         E       F
            +---------+---------+-------+---------+---------+-------
      Total |     248 |     402 |  61.8 |      63 |       2 |   3.1
            +---------+---------+-------+---------+---------+-------
        D:1 |      38 |       0 |   0.0 |      23 |       0 |   0.0
        D:2 |      49 |     231 |  82.5 |       9 |       1 |  10.0
        D:3 |      85 |       0 |   0.0 |      23 |       0 |   0.0
        D:4 |      76 |     171 |  69.2 |       8 |       1 |  11.1
            +---------+---------+-------+---------+---------+-------
